 Dungeon Crawl Stone Soup version 0.17-a0-1945-gfe993df (webtiles) character file.

36785 4thArraOfDagon the Severer (level 13, -11/122 HPs)
             Began as a Minotaur Berserker on Sept 30, 2015.
             Was a Priest of Trog.
             Mangled by a tentacle (17 damage)
             ... attached to a kraken
             ... on level 3 of the Shoals.
             The game lasted 00:25:39 (4216 turns).

4thArraOfDagon the Severer (Minotaur Berserker)     Turns: 4216, Time: 00:25:40

Health: -11/122    AC: 22    Str: 26    XL:     13   Next: 54%
Magic:  17/17      EV:  8    Int:  5    God:    Trog [***...]
Gold:   444        SH:  0    Dex: 10    Spells: 0 memorised, 12 levels left

rFire  . . .     SeeInvis .     g - +0 war axe
rCold  + . .     Clarity  .     e - +0 plate armour
rNeg   . . .     SustAt   .     (no shield)
rPois  .         Gourm    .     (helmet restricted)
rElec  .         Spirit   .     k - +1 cloak
rCorr  .         Warding  .     B - +0 pair of gloves
rMut   .         Stasis   .     u - +1 pair of boots
MR     ++...                    (no amulet)
Stlth  ..........               (no ring)
                                t - ring of protection from cold

@: about to teleport, engulfed (cannot breathe), manticore barbs, regenerating,
very resistant to hostile enchantments, extremely unstealthy
A: retaliatory headbutt, horns 2
a: Burn Spellbooks, Berserk, Trog's Hand, Renounce Religion


You were on level 3 of the Shoals.
You worshipped Trog.
Trog was most pleased with you.
You were not hungry.

You visited 3 branches of the dungeon, and saw 20 of its levels.

You collected 444 gold pieces.

Inventory:

Hand weapons
 a - a +0 hand axe
 g - a +0 war axe (weapon)
Armour
 e - a +0 plate armour (worn)
 k - a +1 cloak (worn)
 s - the +2 robe of Summertime {rC+ rCorr, unknown}
   (You found it on level 2 of the Lair of Beasts)

   It protects you from cold.
   It protects you from acid and corrosion.
 u - a +1 pair of boots (worn)
 B - a +0 pair of gloves (worn)
 J - a +0 chain mail of poison resistance
Jewellery
 t - a ring of protection from cold (left hand)
Magical devices
 b - a wand of flame (0)
 c - a wand of fire (4)
 d - a wand of disintegration (15)
 n - a wand of flame (11)
 v - a wand of paralysis (5)
 A - a wand of digging (12)
Scrolls
 h - 3 scrolls of remove curse
 l - 2 scrolls of summoning
 m - 2 scrolls of teleportation
 x - a scroll of silence {unknown}
 G - a scroll of acquirement {unknown}
 I - a scroll of enchant armour {unknown}
 L - a scroll of holy word {unknown}
Potions
 f - 5 potions of flight
 j - 3 potions of curing
 o - 2 potions of might {unknown}
 z - a potion of poison {unknown}
 E - a potion of lignification
Books
 y - a Fen Folio

   Spells                             Type                      Level
   a - Corpse Rot                     Necromancy                   2
   b - Stone Arrow                    Conjuration/Earth            3
   c - Leda's Liquefaction            Hexes/Earth                  4
   d - Summon Forest                  Summoning/Translocation      5
   e - Hydra Form                     Transmutation                6
   f - Summon Hydra                   Summoning                    7
   Trog disapproves of the use of such an item.
 K - a book of Fire

   Spells                             Type                      Level
   a - Ignite Poison                  Fire/Transmutation/Poison    3
   b - Fireball                       Conjuration/Fire             5
   c - Bolt of Fire                   Conjuration/Fire             6
   d - Delayed Fireball               Conjuration/Fire             7
   e - Ring of Flames                 Charms/Fire                  7
   Trog disapproves of the use of such an item.
 M - a book of Flames

   Spells                             Type                      Level
   a - Flame Tongue                   Conjuration/Fire             1
   b - Throw Flame                    Conjuration/Fire             2
   c - Conjure Flame                  Conjuration/Fire             3
   d - Inner Flame                    Hexes/Fire                   3
   e - Sticky Flame                   Conjuration/Fire             4
   f - Fireball                       Conjuration/Fire             5
   Trog disapproves of the use of such an item.
Miscellaneous
 q - a disc of storms
 C - a plain deck of changes
 F - a phial of floods
Comestibles
 i - 7 fruits
 r - 3 meat rations
 w - 13 royal jellies
 D - 6 bread rations
 H - 3 chunks of flesh


   Skills:
 - Level 13.0 Fighting
 * Level 18.0 Axes
 + Level 13.1 Armour
 - Level 2.1 Dodging
 - Level 7.4 Evocations


You had 12 spell levels left.
You didn't know any spells.

Dungeon Overview and Level Annotations

Branches:
Dungeon (9/15)             Temple (0/1) D:6            Lair (8/8) D:9
 Shoals (3/4) Lair:5        Snake (0/4) Lair:4
  Slime: Lair:6-8       Orc: D:9-12

Altars:
Elyvilon


Innate Abilities, Weirdness & Mutations

You reflexively headbutt those who attack you in melee.
You have a pair of horns on your head.


Message History

Your skin crawls.
You feel resistant to hostile enchantments.
You feel slightly more hungry.
* * * LOW HITPOINT WARNING * * *
Your lungs strain for air!
The water elemental hits you. The tentacle slaps you!
* * * LOW HITPOINT WARNING * * *
The water elemental hits you.
Unknown command.
Unknown command.
Drink which item? (? for menu, Esc to quit)
You feel better.
* * * LOW HITPOINT WARNING * * *
Your lungs strain for air!
The tentacle slaps you but does no damage.
The water elemental barely misses you.
The manticore flicks its tail.
The volley of spikes hits you! The water elemental hits you.
The tentacle slaps you!
You die...

≈≈≈≈≈P≈≈≈≈≈≈≈≈≈
≈..≈≈≈≈≈≈≈≈≈≈≈≈
...P≈≈wXw≈≈≈≈≈≈
.P≈≈≈P≈w{≈≈≈≈≈≈
PP≈≈P≈≈≈≈{≈≈≈≈≈
.≈PPPP.P..*..≈≈
.≈PP.PPEE*.....
PP...P.@w#
≈≈≈≈≈≈.###
.≈≈≈≈PH (≈≈.≈.m
...≈... .≈.....
.≈≈≈≈.. .≈≈≈≈..


You could see a kraken, a merfolk, a manticore, 4 tentacles and 2 water
elementals.

Vanquished Creatures
  2 hydras (Lair:8)
  7 death yaks
  A queen ant (Lair:8)
  A sea snake (Shoals:1)
  3 manticores
  3 griffons
  2 black mambas
  3 elephants (Lair:8)
  8 spiny frogs
  4 komodo dragons
  9 polar bears (Lair:8)
  3 raiju (Lair:8)
  A merfolk (Shoals:1)
  28 blink frogs
  A snapping turtle (Shoals:1)
  A wyvern (Lair:8)
  4 hippogriffs
  12 yaks
  A water elemental (Shoals:1)
  A steam dragon (Lair:2)
  20 wolves
  3 hell hounds (Lair:8)
  9 water moccasins
  7 wargs (Lair:8)
  14 soldier ants (Lair:8)
  8 porcupines
  A wasp (Lair:5)
  12 black bears (Lair:8)
  A phantom (D:8)
  A centaur (D:7)
  The ghost of 4thArraOfDagon the Poker, an average MfGl (D:8)
  17 crocodiles
  4 giant frogs
  A big kobold (D:7)
  5 killer bees (D:9)
  A centaur zombie (D:3)
  14 hounds
  A giant frog skeleton (D:7)
  2 iguanas (Lair:6)
  30 worker ants (Lair:8)
  2 sheep (Lair:8)
  Robin (D:2)
  5 adders
  31 river rats
  An adder skeleton (D:9)
  5 orcs
  A bat (D:2)
  10 goblins
  6 hobgoblins
  A quokka (D:7)
  2 giant geckos
  5 jackals (Lair:8)
  5 kobolds
  A rat (D:1)
  6 fungi
  5 plants (Lair:7)
334 creatures vanquished.

Vanquished Creatures (collateral kills)
  A catoblepas (Lair:8)
  A komodo dragon (Lair:8)
  4 worker ants (Lair:8)
6 creatures vanquished.

Vanquished Creatures (others)
  20 fungi
  10 plants
  29 tentacle segments (Shoals:3)
59 creatures vanquished.

Grand Total: 399 creatures vanquished

Notes
Turn   | Place    | Note
--------------------------------------------------------------
     0 | D:1      | 4thArraOfDagon the Minotaur Berserker began the quest for the Orb.
     0 | D:1      | Reached XP level 1. HP: 19/19 MP: 0/0
    62 | D:1      | You fall through a shaft!
    70 | D:2      | Reached skill level 4 in Axes
    72 | D:2      | Noticed Robin
    76 | D:2      | Reached XP level 2. HP: 27/27 MP: 1/1
    87 | D:2      | Killed Robin
    87 | D:2      | Acquired Trog's second power
    87 | D:2      | Reached XP level 3. HP: 33/33 MP: 2/2
   204 | D:3      | Reached skill level 5 in Axes
   204 | D:3      | Reached XP level 4. HP: 22/41 MP: 3/3
   245 | D:5      | Entered Level 5 of the Dungeon
   286 | D:7      | Noticed a centaur
   288 | D:7      | Noticed a giant frog
   292 | D:7      | Killed a centaur
   292 | D:7      | Reached XP level 5. HP: 37/47 MP: 4/4
   297 | D:7      | Noticed a big kobold
   297 | D:7      | Reached skill level 5 in Fighting
   301 | D:7      | Killed a giant frog
   301 | D:7      | Reached skill level 6 in Axes
   301 | D:7      | Reached XP level 6. HP: 56/56 MP: 5/5
   308 | D:7      | Killed a big kobold
   369 | D:6      | Found a staircase to the Ecumenical Temple.
   371 | D:6      | Noticed a giant frog
   375 | D:6      | Killed a giant frog
   399 | D:7      | Reached skill level 7 in Axes
   530 | D:8      | Noticed 4thArraOfDagon's ghost (average MfGl)
   537 | D:8      | Reached XP level 7. HP: 62/62 MP: 6/6
   546 | D:8      | Killed 4thArraOfDagon's ghost
   546 | D:8      | Reached skill level 5 in Armour
   638 | D:9      | Reached skill level 8 in Axes
   867 | D:9      | Found a staircase to the Lair.
   873 | Lair:1   | Entered Level 1 of the Lair of Beasts
   891 | Lair:1   | Reached skill level 9 in Axes
   891 | Lair:1   | Reached XP level 8. HP: 62/71 MP: 7/7
   980 | Lair:2   | Noticed a komodo dragon
   992 | Lair:2   | Killed a komodo dragon
   992 | Lair:2   | Reached skill level 10 in Axes
  1060 | Lair:2   | Noticed a komodo dragon
  1114 | Lair:2   | Killed a komodo dragon
  1114 | Lair:2   | Reached XP level 9. HP: 81/81 MP: 8/8
  1120 | Lair:2   | Got a steaming robe
  1213 | Lair:2   | Noticed a komodo dragon
  1225 | Lair:2   | Noticed a black mamba
  1233 | Lair:2   | Killed a black mamba
  1233 | Lair:2   | Reached skill level 11 in Axes
  1234 | Lair:2   | Killed a komodo dragon
  1304 | Lair:3   | Reached skill level 12 in Axes
  1441 | Lair:3   | Reached XP level 10. HP: 91/91 MP: 9/9
  1544 | Lair:4   | Noticed a death yak
  1544 | Lair:4   | Noticed a death yak
  1571 | Lair:4   | Killed a death yak
  1571 | Lair:4   | Reached skill level 13 in Axes
  1571 | Lair:4   | Reached skill level 1 in Evocations
  1575 | Lair:4   | Killed a death yak
  1575 | Lair:4   | Reached skill level 10 in Fighting
  1640 | Lair:4   | Noticed a spiny frog
  1641 | Lair:4   | Found a staircase to the Snake Pit.
  1641 | Lair:4   | Noticed a death yak
  1643 | Lair:4   | Noticed a death yak
  1646 | Lair:4   | Noticed a death yak
  1650 | Lair:4   | Killed a death yak
  1652 | Lair:4   | Killed a spiny frog
  1661 | Lair:4   | Killed a death yak
  1661 | Lair:4   | Killed a death yak
  1661 | Lair:4   | Reached skill level 14 in Axes
  1661 | Lair:4   | Reached skill level 10 in Armour
  1661 | Lair:4   | Reached XP level 11. HP: 95/101 MP: 10/12
  1755 | Lair:5   | Noticed a six-headed hydra
  1831 | Lair:5   | Found a white marble altar of Elyvilon.
  2242 | Lair:7   | Acquired Trog's third power
  2263 | Lair:7   | Reached skill level 15 in Axes
  2431 | Lair:8   | Entered Level 8 of the Lair of Beasts
  2479 | Lair:8   | Reached skill level 5 in Evocations
  2536 | Lair:8   | Received a gift from Trog
  2539 | Lair:8   | :D:
  2545 | Lair:8   | Reached XP level 12. HP: 77/110 MP: 14/14
  2715 | Lair:8   | Reached skill level 16 in Axes
  2853 | Lair:8   | Noticed a queen ant
  2898 | Lair:8   | Noticed an eight-headed hydra
  2902 | Lair:8   | Killed a queen ant
  2915 | Lair:8   | Killed a 12-headed hydra
  3158 | Lair:8   | Reached skill level 17 in Axes
  3252 | Lair:8   | Reached XP level 13. HP: 74/119 MP: 17/17
  3356 | Lair:8   | :(
  3529 | Lair:8   | Noticed a death yak
  3529 | Lair:8   | Noticed a death yak
  3530 | Lair:8   | Noticed a catoblepas
  3547 | Lair:8   | Killed a death yak
  3547 | Lair:8   | Killed a death yak
  3603 | Lair:8   | Noticed a seven-headed hydra
  3618 | Lair:8   | Killed a catoblepas
  3649 | Lair:8   | Killed an 11-headed hydra
  3979 | Lair:5   | Found a staircase to the Shoals.
  4021 | Shoals:1 | Entered Level 1 of the Shoals
  4131 | Shoals:1 | Reached skill level 18 in Axes
  4210 | Shoals:2 | HP: 5/122 [merfolk impaler/trident of pain (5)]
  4211 | Shoals:3 | Noticed a kraken
  4215 | Shoals:3 | HP: 4/122 [tentacle[a kraken] (7)]
  4216 | Shoals:3 | Mangled by a tentacle

Vault maps used:
D:1:      tarquinn_simple_flora_water_e, corexii_corridor_pit, minmay_hedge_maze
D:2:      elyvilon_altar_4, grunt_gozag_breadcrumbs,
          nicolae_ru_the_path_less_chosen, uniq_robin
D:3:      serial_curves, eino_curves_03, eino_curves_03
D:4:      kennysheep_vampire_church, first_bread
D:5:      tgw_trog, serial_park_tiny_1
D:6:      minmay_temple_entry_large_hall
D:8:      lemuel_blue_sif_altar, serial_shops, nicolae_shop_trees,
          hangedman_ranch
D:9:      lemuel_crystal_altar, lemuel_zombie_altar_yredelemnul, lair_0_dummy
Lair:1:   basic_altar, uniq_fannar, uniq_grum, uniq_gastronok
Lair:2:   basic_altar
Lair:3:   forest_paths
Lair:4:   cheibrodos_magma_flow, dummy_snake_entry, beast_lair_carwin_1
Lair:5:   minmay_lair_venomous_thicket, shoals_dummy_entry, basic_altar
Lair:6:   slime_dummy, grunt_megastairs_4, bh_autumn_forest_stairs,
          lemuel_fruit_tree
Lair:8:   hangedman_lair_in_review, hangedman_lair_caniforms_friends,
          lab_entry_generic, zaba_anthell
Shoals:2: nicolae_shoals_cliffside_cave, wheals_shoals_ruined_temple
Shoals:3: cheibrodos_shoals_oceanic_diplomacy

Action                   |  1- 3 |  4- 6 |  7- 9 | 10-12 | 13-15 || total
-------------------------+-------+-------+-------+-------+-------++-------
Melee: Hand axe          |    21 |       |       |       |       ||    21
       War axe           |    17 |    40 |   107 |   531 |   183 ||   878
Throw: Throwing net      |       |       |       |     5 |       ||     5
Invok: Berserk           |     1 |     2 |     8 |    17 |     9 ||    37
       Trog's Hand       |       |     1 |     2 |    30 |    14 ||    47
       Brothers in Arms  |       |       |       |       |     1 ||     1
Evoke: Wand              |       |       |     6 |     4 |     4 ||    14
  Use: Scroll            |       |     2 |     2 |    10 |     2 ||    16
       Potion            |       |       |       |       |     4 ||     4
 Stab: Held in net/web   |       |       |       |     2 |       ||     2
       Paralysed         |       |       |       |     4 |       ||     4
  Eat: Chunk             |       |     1 |     7 |    28 |    16 ||    52
       Bread ration      |       |       |     1 |       |       ||     1
       Pizza             |       |       |       |     1 |       ||     1
       Fruit             |       |       |       |       |     1 ||     1
